 Dungeon Crawl Stone Soup version 0.28-a0-537-g3bccd9ccbf (webtiles) character file.

Game seed: 15281117541763235551

16 freelancePsychic the Magician (level 2, 0/22 HPs)
             Began as a Djinni Venom Mage on Sept 27, 2021.
             Hit by a stone thrown by a kobold (1 damage)
             ... on level 1 of the Dungeon.
             The game lasted 00:00:48 (499 turns).

freelancePsychic the Magician (Djinni Venom Mage)    Turns: 499, Time: 00:00:49

Health: 0/22       AC:  2    Str:  7    XL:     2   Next: 75%
Gold:   0          EV: 12    Int: 16    God:
                   SH:  0    Dex: 13

rFire   + + .      SeeInvis .   b - staff of poison
rCold   x . .      Faith    .   (no shield)
rNeg    . . .      Spirit   .   a - +0 robe
rPois   ∞          Reflect  .   (no helmet)
rElec   .          Harm     .   (no cloak)
rCorr   .          Rampage  .   (no gloves)
Will    .....                   (boots unavailable)
Stlth   ++........              (no amulet)
HPRegen 0.07/turn               (no ring)
MPRegen 0.00/turn               (no ring)

@: flying
A: sickness immunity, fire resistance 2, cold vulnerability 1, float, innate
caster, hp casting, extra vitality 1
a: no special abilities


You were on level 1 of the Dungeon.
You visited 1 branch of the dungeon, and saw 1 of its levels.

Inventory:

Armour
 a - a +0 robe (worn)
Magical Staves
 b - a staff of poison (weapon)
Scrolls
 c - a scroll of magic mapping {unknown}


   Skills:
 + Level 1.0 Fighting
 - Level 2.1 Dodging
 - Level 1.5 Stealth
 * Level 2.9 Spellcasting


You couldn't memorise any spells.
You knew the following spells:

 Your Spells              Type           Power      Damage    Failure   Level
a - Sting                 Tmut/Pois      68%        1d6       6%          1
b - Poisonous Vapours     Pois/Air       34%        N/A       9%          2
c - Mephitic Cloud        Conj/Pois/Air  17%        N/A       17%         3
d - Olgreb's Toxic Radia  Pois           17%        N/A       50%         4
Your spell library was empty.

Dungeon Overview and Level Annotations

Branches:
Dungeon (1/15)

Altars:


Innate Abilities, Weirdness & Mutations

You are immune to sickness and miasma.
You are immune to poison.
Your flesh is very heat resistant. (rF++)
You are vulnerable to cold. (rC-)
You float through the air rather than walking.
You learn spells naturally, not from books.
Your magical power is your life essence.
You have superior vitality. (+4 HP)


Message History

You feel a surge of power!
The sting misses the rat.
A goblin opens the door.
The rat closely misses you.
Casting: Sting (safe; 6% risk of failure)
Confirm with . or Enter, or press ? or * to list all spells.
Aiming: Sting (safe; 6% risk of failure)
Press: ? - help, Shift-Dir - straight line, f/p - rat
Aim: a rat (74% to hit)
You feel a surge of power!
The sting hits the rat.
The rat is poisoned.
The rat is severely wounded.
The rat bites you.
Casting: Sting (safe; 6% risk of failure)
Confirm with . or Enter, or press ? or * to list all spells.
Aiming: Sting (safe; 6% risk of failure)
Press: ? - help, Shift-Dir - straight line, f/p - rat
Aim: a rat (severely wounded, poisoned, 74% to hit)
You feel a surge of power!
The sting hits the rat.
The rat looks even sicker.
You kill the rat!
Casting: Sting (safe; 6% risk of failure)
Confirm with . or Enter, or press ? or * to list all spells.
Aiming: Sting (safe; 6% risk of failure)
Press: ? - help, Shift-Dir - straight line, f - goblin
Aim: a goblin, wielding a +0 club (67% to hit)
You feel a surge of power!
The sting hits the goblin.
The goblin is poisoned.
You kill the goblin!
* * * LOW HITPOINT WARNING * * *
Casting: Sting (safe; 6% risk of failure)
Confirm with . or Enter, or press ? or * to list all spells.
Aiming: Sting (safe; 6% risk of failure)
Press: ? - help, Shift-Dir - straight line, f - kobold
Aim: a kobold, wielding a +0 short sword and quivering stones (67% to hit)
You feel a surge of power!
The sting hits the kobold.
The kobold is poisoned.
The kobold is heavily wounded.
* * * LOW HITPOINT WARNING * * *
The kobold hits you with a +0 short sword.
* * * LOW HITPOINT WARNING * * *
The kobold throws a stone.
The stone closely misses you.
The kobold throws a stone.
The stone hits you.
* * * LOW HITPOINT WARNING * * *
The kobold throws a stone.
The stone hits you.
You die...

....#########....# #.#
#'####......#....# ..# #.#
#.....)#....# #.#
#'####.#.#..'....# #.#
....####.#..##...# #.#
....# #.##..###..# #.#
....# ##.##.##...###.#.##
....# ##.#.##...'.......
....# ##_##.##..@###.#.##
....# #.##..##....# .#
....# ##.#####....##.#
....# ##.# ####..#.# ....#
#.### #...#K#.#.#
....####)#.#.....'..†..#
....#......##....#.†.#.....
#.###......##....##..# ###
#.# #......##.... #..#


You could see a kobold (poisoned).

Vanquished Creatures
  2 endoplasms (D:1)
  2 giant cockroaches (D:1)
  A goblin (D:1)
  3 hobgoblins (D:1)
  A quokka (D:1)
  2 ball pythons (D:1)
  A frilled lizard (D:1)
  2 rats (D:1)
14 creatures vanquished.

Notes
Turn   | Place    | Note
-------+----------+-------------------------------------------
     0 | D:1      | freelancePsychic the Djinni Venom Mage began the quest for
                  | the Orb.
     0 | D:1      | Reached XP level 1. HP: 15/15 MP: 0/0
   217 | D:1      | Reached XP level 2. HP: 19/22 MP: 0/0
   413 | D:1      | Found a faded altar of an unknown god.
   491 | D:1      | Reached skill level 1 in Fighting
   498 | D:1      | HP: 1/22 [kobold/stone (1)]
   499 | D:1      | Hit by a stone thrown by a kobold

Illustrated notes

Levels and vault maps discovered:
D:1:      dpeg_arrival_tiny_j, layout_basic, serial_shops, shop,
          chequers_ecumenical_altar_twisty, minmay_misc_feat_rows

Skill      XL: |  1  2 |
---------------+-------+-----
Fighting       | 1 |  1.0
Dodging        | |  2.1
Stealth        | |  1.5
Spellcasting   | |  2.9

Action                   || total
-------------------------++-------
 Cast: Sting             ||    30
Armor: Robe              ||     3
Dodge: Dodged            ||    10

Table legend: (Time is in decaauts)
 A = Elapsed time spent in this place.
 B = Non-inter-level travel time spent in this place.
 C = Inter-level travel time spent in this place.
 D = Time resting spent in this place.
 E = Time spent auto-exploring this place.
 F = Levels seen in this place.
 G = Mean time per level.
                   A        B        C        D        E       F      G
               +--------+--------+--------+--------+--------+-----+--------+
         Total |    498 |    498 |      0 |      0 |    425 |   1 |  498.0 |
       Dungeon |    498 |    498 |      0 |      0 |    425 |   1 |  498.0 |
               +--------+--------+--------+--------+--------+-----+--------+

Top non-repeatable levels by time:
     D:1: 498 daAuts
